 Dungeon Crawl Stone Soup version 0.20-a0-731-gecde0bf (webtiles) character file.

228 4thArraOfDagon the Skirmisher (level 5, 0/42 HPs)
             Began as a Mummy Fighter on Feb 22, 2017.
             Was an Initiate of Ru.
             Slain by a scorpion (4 damage)
             ... on level 4 of the Dungeon.
             The game lasted 00:06:22 (1324 turns).

4thArraOfDagon the Skirmisher (Mummy Fighter)       Turns: 1324, Time: 00:06:22

Health: 0/42       AC:  6    Str: 20    XL:     5   Next: 70%
Magic:  5/5        EV: 10    Int:  8    God:    Ru [......]
Gold:   202        SH:  0    Dex: 11    Spells: 4/4 levels left

rFire    x . .     SeeInvis .   a - +0 long sword
rCold    + . .     Gourm    .   f - +0 scale mail
rNeg     + + +     Faith    .   (no shield)
rPois    ∞         Spirit   .   (no helmet)
rElec    .         Reflect  .   (no cloak)
rCorr    .         Harm     .   (no gloves)
MR       .....                  (no boots)
Stlth    ..........             (no amulet)
Regen    0.2/turn               (no ring)
MPRegen  0.1/turn               (no ring)

@: no status effects
A: no food or potions, fire vulnerability, cold resistance 1, negative energy
resistance 3, torment resistance, unbreathing
a: Renounce Religion


You were on level 4 of the Dungeon.
You worshipped Ru.
Ru was noncommittal.
You were not hungry.

You visited 1 branch of the dungeon, and saw 5 of its levels.

You collected 202 gold pieces.

Inventory:

Hand Weapons
 a - a +0 long sword (weapon)
Armour
 f - a +0 scale mail (worn)
 h - a +0 plate armour
Magical Staves
 g - an uncursed staff of power {!a}
Wands
 c - a wand of paralysis (5/24)
Scrolls
 b - a scroll of fog
 d - 2 scrolls of remove curse
 e - a scroll of teleportation {unknown}
 i - a scroll of immolation {unknown}
 j - a scroll of noise {unknown}
 k - 2 scrolls of recharging {unknown}


   Skills:
 + Level 3.9 Fighting
 * Level 3.4 Long Blades
 + Level 3.2 Armour
 + Level 1.6 Dodging
   Level 2.4 Shields


You had 4 spell levels left.
You didn't know any spells.

Dungeon Overview and Level Annotations

Branches:
Dungeon (5/15)
 Temple: D:4-7

Altars:
Ru
Xom
Zin

Annotations:
D:3 anet's ghost, amateur DEWz
D:4 azzavlup's ghost, amateur TeBe


Innate Abilities, Weirdness & Mutations

You do not eat or drink.
Your flesh is vulnerable to fire.
You are immune to poison.
Your flesh is cold resistant. (rC+)
You are immune to negative energy. (rN+++)
You are immune to unholy pain and torment.
You can survive without breathing.


Message History

You closely miss the scorpion.
The scorpion is severely wounded.
The scorpion barely misses you.
You hit the scorpion but do no damage.
The scorpion is severely wounded.
The scorpion stings you!
* * * LOW HITPOINT WARNING * * *
You closely miss the scorpion.
The scorpion is severely wounded.
The scorpion stings you.
* * * LOW HITPOINT WARNING * * *
The scorpion barely misses you.
Unknown command.
Evoke which item? (* to show all) (? for menu, Esc to quit)
Aiming: Paralyse
Press: ? - help, Shift-Dir - straight line, f - scorpion
Aim: a scorpion (severely wounded, chance to defeat MR: 46%)
The scorpion resists with some effort.
This wand has 5 charges left.
The scorpion stings you.
You die...

#........# ###..##
#........###....#
#
#.......###....##
##
#......!#..##.##
.##
#........(#####
..## ##....†..##
...## ####....#.##
....####......##.#
..............##@#
......####....##s#
##### ......#
##...##.###...##
......#
#...##.##...>.##
......#
##...#.##......##
.....##
#.....###......##
....## #.....#
##......# # #..##
##....#####.....#
## ###
#.......####[..#
#.


You could see a scorpion.

Vanquished Creatures
  2 howler monkeys (D:4)
  A hound (D:4)
  Terence (D:3)
  A worker ant (D:4)
  A howler monkey skeleton (D:4)
  3 adders
  A dart slug (D:4)
  2 leopard geckos
  An orc (D:4)
  2 giant cockroaches (D:3)
  4 hobgoblins
  5 jackals
  A quokka (D:3)
  A ball python (D:3)
  4 bats
  5 frilled lizards
  2 goblins (D:1)
  2 kobolds
  A rat (D:1)
40 creatures vanquished.

Notes
Turn   | Place    | Note
-------+----------+-------------------------------------------
     0 | D:1      | 4thArraOfDagon the Mummy Fighter began the quest for the Orb.
     0 | D:1      | Reached XP level 1. HP: 18/18 MP: 1/1
   198 | D:1      | Found a shimmering altar of Xom.
   200 | D:1      | Found a sacrificial altar of Ru.
   200 | D:1      | Found a blossoming altar of Fedhas.
   205 | D:1      | Found an iron altar of Okawaru.
   205 | D:1      | Found a blossoming altar of Fedhas.
   205 | D:1      | Found a hide-covered altar of Uskayaw.
   301 | D:2      | Reached XP level 2. HP: 14/24 MP: 2/2
   421 | D:3      | Found a sacrificial altar of Ru.
   430 | D:3      | Became a worshipper of Ru the Awakened
   450 | D:3      | Noticed anet's ghost (amateur DEWz)
   591 | D:5      | Entered Level 5 of the Dungeon
   591 | D:5      | Noticed a bullfrog
   630 | D:4      | Reached XP level 3. HP: 6/29 MP: 3/3
   841 | D:4      | Reached skill level 1 in Dodging
   841 | D:4      | Reached XP level 4. HP: 27/35 MP: 4/4
   883 | D:4      | Reached XP level 5. HP: 17/41 MP: 5/5
  1011 | D:4      | Noticed a phantom
  1043 | D:4      | Noticed azzavlup's ghost (amateur TeBe)
  1116 | D:3      | Noticed Terence
  1129 | D:3      | Killed Terence
  1193 | D:3      | Found a glowing silver altar of Zin.
  1324 | D:4      | Slain by a scorpion

Vault maps used:
D:1:      tarquinn_simple_flora_water_e, minmay_misc_feat_secret_circle,
          doesnt_xom_only_xom
D:2:      minmay_heptomino_w4
D:3:      nicolae_ru_awakened_eye, nicolae_overflow_crystal_walls,
          lemuel_crystal_altar, uniq_terence
D:4:      serial_glass, glass_columns_a, glass_columns_c, first_bread
D:5:      basic_altar

Skill      XL: |  1  2  3  4 |
---------------+-------------+-----
Long Blades    | 2 3 |  3.4
Dodging        | 1 |  1.6
Armour         | 3 |  3.2
Fighting       | |  3.9
Shields        | |  2.4

Action                   |  1- 3 |  4- 6 || total
-------------------------+-------+-------++-------
Melee: Long sword        |   106 |    74 ||   180
Evoke: Wand              |     2 |     3 ||     5
  Use: Scroll            |     3 |       ||     3
 Stab: Paralysed         |     9 |     7 ||    16
Armor: Scale mail        |    42 |    34 ||    76
Dodge: Dodged            |    65 |    38 ||   103
       Rpst.: Long sword |    27 |    13 ||    40
